 Dungeon Crawl Stone Soup version 0.30-a0-760-g5a9884bb7c (webtiles) character file.

Game seed: 2922330327209570721

91 tilp the Covered (level 5, -1/45 HPs)
             Began as a Meteoran Fighter on Feb 10, 2023.
             Slain by an ogre
             ... wielding a +0 giant spiked club
              (10 damage)
             ... on level 4 of the Dungeon.
             The game lasted 00:02:49 (632 turns).

tilp the Covered (Meteoran Fighter)                  Turns: 632, Time: 00:02:49

Health: -1/45      AC:  8    Str: 18    XL:     5   Next: 12%
Magic:  6/6        EV: 10    Int:  9    God:
Gold:   74         SH:  5    Dex: 15    Spells: 4/4 levels left

rFire   . . .      SeeInvis .    a - +0 long sword
rCold   . . .      Faith    .    c - +0 buckler
rNeg    . . .      Spirit   .    b - +0 scale mail
rPois   .          Reflect  .    e - +0 helmet
rElec   .          Harm     .    (no cloak)
rCorr   .          Rampage  .    (no gloves)
Will    .....                    (no boots) Stlth
                                 (no amulet)
HPRegen 0.27/turn                (no ring)
MPRegen 0.10/turn                (no ring)

@: mighty, glowing
A: sense surroundings 1, otherworldly, glowing, explore regen
a: no special abilities


You were on level 4 of the Dungeon.
You visited 1 branch of the dungeon, and saw 4 of its levels.

You collected 74 gold pieces.

Inventory:

Hand Weapons
 a - a +0 long sword (weapon)
Missiles
 f - 3 boomerangs
 k - 4 poisoned darts (quivered)
Armour
 b - a +0 scale mail (worn)
 c - a +0 buckler (worn)
 e - a +0 helmet (worn)
Wands
 g - a wand of iceblast (11)
Scrolls
 h - a scroll of amnesia {unknown}
 i - 2 scrolls of vulnerability {unknown}
 j - a scroll of identify {unknown}
 l - a scroll of summoning {unknown}
 m - a scroll of fog {unknown}
 n - a scroll of blinking {unknown}


   Skills:
 + Level 3.6 Fighting
 * Level 3.4 Long Blades
 + Level 0.1 Throwing
 - Level 4.0 Armour
 * Level 1.8 Dodging
 * Level 1.3 Stealth
 + Level 3.9 Shields
 + Level 0.2 Evocations


You had 4 spell levels left.
You didn't know any spells.
Your spell library was empty.

Dungeon Overview and Level Annotations

Branches:
Dungeon (4/15) Zot: 1733
 Temple: D:4-7

Altars:


Innate Abilities, Weirdness & Mutations

You passively map a small area around you.
You are easily found by Zot.
You glow in the dark.
You regain HP and MP as you explore.


Message History

You slash the orc!
You kill the orc!
No target in view!
No target in view!
An orc comes into view. It is wielding a +0 flail.
Items here: ( )) ††.
An ogre and an orc priest come into view.
The ogre shouts!
The orc priest shouts!
The ogre moves out of view.
Items here: ) ? [ †.
You hit the orc.
The orc is moderately wounded.
The orc hits you but does no damage.
You barely miss the orc.
The orc is moderately wounded.
The orc hits you with a +0 flail.
You hit the orc but do no damage.
The orc is moderately wounded.
The orc barely misses you.
The orc priest invokes the aid of Beogh against you.
Beogh smites you! The ogre barely misses you. The orc hits you with a +0 flail.
The orc priest mumbles some strange prayers to Beogh against you.
Beogh smites you!
* * * LOW HITPOINT WARNING * * *
You hear an angry hiss.
The orc attacks as you move away! The orc hits you but does no damage.
Items here: ( )) ††.
Unknown command.
Okay, then.
You feel very mighty all of a sudden. You block the ogre's attack.
An adder comes into view.
The orc priest hits you from afar with a +0 trident.
* * * LOW HITPOINT WARNING * * *
Unknown command.
You slash the ogre!
The ogre is moderately wounded.
The orc priest barely misses you.
The ogre hits you with a +0 giant spiked club!
You die...

, * * * #.# #.
#.# * #. #.# #.
#.# , #. #.#
*#.* #.# #. #.#
**
#.##########.#
,#..@Oo.......#
***
#####oS#######*
,, ........ >, ,
**,#..#...#...#,
* ,
*...*#...##..#,
* * , .o* .....
#... ,. ..#.#..
#..* * ,..##.##.
?. * * , ,


You could see an ogre, an orc priest, an adder and an orc.

Vanquished Creatures
  3 gnolls (D:2)
  3 adders
  A dart slug (D:2)
  3 orcs (D:4)
  A ball python (D:2)
  3 bats
  3 hobgoblins
  2 jackals (D:2)
  2 quokkas
  A frilled lizard (D:3)
  2 goblins (D:3)
  2 kobolds (D:3)
  5 rats
31 creatures vanquished.

Notes
Turn   | Place    | Note
-------+----------+-------------------------------------------
     0 | D:1      | tilp the Meteoran Fighter began the quest for the Orb.
     0 | D:1      | Reached XP level 1. HP: 19/19 MP: 2/2
    43 | D:2      | Reached XP level 2. HP: 13/26 MP: 3/3
    65 | D:2      | Reached skill level 1 in Dodging
    86 | D:2      | Reached XP level 3. HP: 31/31 MP: 4/4
   114 | D:2      | Reached skill level 1 in Stealth
   114 | D:2      | Reached XP level 4. HP: 13/38 MP: 5/5
   510 | D:3      | Reached skill level 4 in Armour
   510 | D:3      | Reached XP level 5. HP: 42/45 MP: 6/6
   626 | D:4      | Noticed an ogre
   632 | D:4      | Slain by an ogre

Illustrated notes

Levels and vault maps discovered:
D:1:      lightli_arrival_boilingwater, layout_loops_ring, serial_rivers,
          chequers_serial_rivers_micro_e, chequers_serial_rivers_micro_a,
          chequers_serial_rivers_large_a, chequers_serial_rivers_micro_e,
          chequers_serial_rivers_micro_c, chequers_serial_rivers_micro_e,
          chequers_ecumenical_altar_island, serial_shops,
          nicolae_shop_behind_doors
D:2:      layout_loops_ring, chequers_serial_rivers_room_a
D:3:      layout_rooms
D:4:      layout_basic, nicolae_wu_jian_immortal_techniques,
          lemuel_doored_altar, minmay_temple_entry_waves, uniq_pikel, uniq_robin

Skill      XL: |  1  2  3  4 |
---------------+-------------+-----
Dodging        | 1 |  1.8
Long Blades    | 3 |  3.4
Stealth        | 1 |  1.3
Armour         | 4 |  4.0
Fighting       | |  3.6
Throwing       | |  0.1
Shields        | |  3.9
Evocations     | |  0.2

Action                     |  1- 3 |  4- 6 || total
---------------------------+-------+-------++-------
  Melee: Long sword        |    48 |    60 ||   108
    Use: Potion            |       |     1 ||     1
 Armour: Scale mail        |    25 |    36 ||    61
  Dodge: Dodged            |    28 |    23 ||    51
  Block: Buckler           |     7 |    16 ||    23

Table legend: (Time is in decaauts)
 A = Elapsed time spent in this place.
 B = Non-inter-level travel time spent in this place.
 C = Inter-level travel time spent in this place.
 D = Time resting spent in this place.
 E = Time spent auto-exploring this place.
 F = Levels seen in this place.
 G = Mean time per level.
                   A        B        C        D        E       F      G
               +--------+--------+--------+--------+--------+-----+--------+
         Total |    665 |    631 |     34 |      0 |      0 |   4 |  166.2 |
       Dungeon |    665 |    631 |     34 |      0 |      0 |   4 |  166.2 |
               +--------+--------+--------+--------+--------+-----+--------+

Top non-repeatable levels by time:
     D:3: 392 daAuts
     D:2: 197 daAuts
     D:4: 51 daAuts
     D:1: 24 daAuts
